 Dungeon Crawl Stone Soup version 0.18-a0-1195-g77a4f03 (webtiles) character file.

188532 Ijustatesigmund the Warrior (level 17, 0/146 HPs)
             Began as a Demonspawn Fighter on Jan 28, 2016.
             Was a High Priest of Okawaru.
             Killed from afar by a fire dragon (34 damage)
             ... with a blast of flame
             ... on level 1 of the Depths on Jan 29, 2016.
             The game lasted 02:18:37 (36319 turns).

Ijustatesigmund the Warrior (Demonspawn Fighter)   Turns: 36319, Time: 02:18:38

Health: 0/146      AC: 38    Str: 19    XL:     17   Next: 48%
Magic:  25/26      EV: 19    Int: 16    God:    Okawaru [*****.]
Gold:   1692       SH: 10    Dex: 17    Spells: 2 memorised, 10 levels left

rFire  . . .     SeeInvis .     U - +1 morningstar (protect)
rCold  + . .     Gourm    .     J - +3 plate armour {rN+}
rNeg   + + .     Faith    +     P - +3 buckler {AC+3}
rPois  +         Spirit   .     (helmet unavailable)
rElec  .         Dismiss  .     h - +2 cloak
rCorr  .         Reflect  .     C - +2 pair of gloves
SustAt .         Harm     .     Q - +2 pair of boots of Loss {*Drain rPois rC+ Int+4}
MR     ++...                    z - amulet of faith
Stlth  ++........               O - ring of Araopn {rN+ MR+}
                                q - +4 ring of evasion

@: heroism, very resistant to hostile enchantments, unstealthy
A: horns 3, clever 1, nightstalker 2, spiny 3, subdued magic 1, sturdy frame 2
a: Heroism, Finesse, Renounce Religion
}: 1/15 runes: gossamer


You were on level 1 of the Depths.
You worshipped Okawaru.
Okawaru was extremely pleased with you.
You were not hungry.

You visited 6 branches of the dungeon, and saw 31 of its levels.
You also visited: Ice Cave.

You collected 2298 gold pieces.
You spent 606 gold pieces at shops.

Inventory:

Hand Weapons
 A - the +5 arbalest of Satyriasis {penet, *Confuse rC++ Str+4 Int+4}
   (You found it on level 15 of the Dungeon)

   Ammo fired by it will pass through the targets it hits, potentially hitting
   all targets in its path until it reaches maximum range.
   It affects your strength (+4).
   It affects your intelligence (+4).
   It greatly protects you from cold.
   It may confuse you when you take damage.
 D - a +5 morningstar of crushing
 U - a +1 morningstar of protection (weapon)
 V - a +0 eveningstar of draining
Missiles
 x - 8 silver javelins
 y - 25 javelins (quivered)
Armour
 e - the +0 pair of boots of the Vacuum {Str+7}
   (Okawaru gifted it to you on level 2 of the Orcish Mines)

   It affects your strength (+7).
 h - a +2 cloak (worn)
 C - a +2 pair of gloves (worn)
 J - a +3 plate armour of positive energy (worn)
 P - a +3 buckler of protection (worn)
 Q - the +2 pair of boots of Loss (worn) {*Drain rPois rC+ Int+4}
   (You found it on level 15 of the Dungeon)

   It affects your intelligence (+4).
   It protects you from cold.
   It protects you from poison.
   It causes draining when unequipped.
Jewellery
 i - an uncursed ring of poison resistance
 l - an uncursed ring of protection from cold
 m - an uncursed ring of flight
 q - a +4 ring of evasion (left hand)
 z - an amulet of faith (around neck)
 F - an uncursed ring of fire
 L - an uncursed ring of see invisible
 N - a +5 ring of protection
 O - the ring of Araopn (right hand) {rN+ MR+}
   (You bought it in a shop on level 11 of the Dungeon)

   [ring of protection from magic]

   It protects you from negative energy.
   It affects your resistance to hostile enchantments.
Wands
 a - a wand of lightning (6/15)
 b - a wand of hasting (8/9)
 n - a wand of teleportation (2/9)
 s - a wand of polymorph (10/24)
 w - a wand of draining (8/15)
 H - a wand of digging (10/24)
 I - a wand of lightning (6/15)
 X - a wand of teleportation (5/9)
Scrolls
 g - a scroll of teleportation
 u - 4 scrolls of fear
 K - 3 scrolls of magic mapping
 M - 9 scrolls of identify
 T - 4 scrolls of remove curse
 W - a scroll of enchant weapon
Potions
 c - 2 potions of haste
 d - a potion of might
 j - 6 potions of curing
 o - a potion of brilliance
 p - 4 potions of magic
 t - 2 potions of flight
 v - 3 potions of resistance
 R - 2 potions of agility
 S - a potion of cancellation
Books
 k - a book of Changes

   Spells                             Type                      Level
   a - Beastly Appendage              Transmutation                1
   b - Sticks to Snakes               Transmutation                2
   c - Spider Form                    Transmutation/Poison         3
   d - Ice Form                       Ice/Transmutation            4
   e - Blade Hands                    Transmutation                5
 Y - a book of Envenomations

   Spells                             Type                      Level
   a - Spider Form                    Transmutation/Poison         3
   b - Olgreb's Toxic Radiance        Poison                       4
   c - Alistair's Intoxication        Transmutation/Poison         5
   d - Poisonous Cloud                Conjuration/Poison/Air       6
Comestibles
 f - 9 bread rations
 E - 12 meat rations


   Skills:
 * Level 16.6(21.6) Fighting
 * Level 14.9(19.9) Maces & Flails
 - Level 3.1(8.1) Throwing
 - Level 8.8(13.8) Armour
 - Level 8.5(13.5) Dodging
 - Level 5.6(10.6) Stealth
 - Level 7.1(12.1) Shields
 - Level 6.7 Hexes
 - Level 12.7 Ice Magic
 + Level 12.8 Invocations


You had 10 spell levels left.
You knew the following spells:

 Your Spells              Type           Power        Failure   Level  Hunger
a - Ensorcelled Hibernat  Hex/Ice        ###...       1%          2    ###....
b - Ice Form              Ice/Trmt       ##......     80%         4    #####..


Dungeon Overview and Level Annotations

Branches:
Dungeon (15/15)            Temple (1/1) D:5            Lair (8/8) D:9
 Shoals (0/4) Lair:4       Spider (4/4) Lair:3        Slime (0/6) Lair:8
    Orc (2/2) D:12            Elf (0/3) Orc:2        Vaults (0/5) D:13
 Depths (1/5) D:15

Altars:
Ashenzari
Cheibriados
Dithmenos
Elyvilon
Fedhas
Gozag
Kikubaaqudgha
Makhleb
Nemelex Xobeh
Okawaru
Pakellas
Qazlal
Ru
Sif Muna
Trog
Vehumet
Xom
Yredelemnul
Zin
The Shining One
Beogh

Shops:
D:7 }   D:11 *   Orc:2 [(*:   Depths:1 }

Portals:
Trove: D:11 (give 14 potions of curing)

Annotations:
D:7 4 runed doors
D:14 Rupert
Lair:1 exclusion: oklob plant


Innate Abilities, Weirdness & Mutations

You have a pair of large horns on your head.
You are significantly more attuned to the shadows.
You are completely covered in sharp spines.
Your movements are less encumbered by armour (ER -4).
Your mind is acute. (Int +2)
Your spells are a little easier to cast, but a little less powerful.


Message History

A fire dragon comes into view.
You gain the combat prowess of a mighty hero.
You feel slightly more hungry. The fire dragon breathes flames at you.
The blast of flame hits you!
* * * LOW HITPOINT WARNING * * *
You hit the fire dragon.
The fire dragon is lightly wounded.
You block the fire dragon's attack.
The fire dragon claws you but does no damage.
The fire dragon tramples you but does no damage.
You puncture the fire dragon!
The fire dragon is lightly wounded.
The fire dragon misses you. The fire dragon closely misses you.
The fire dragon completely misses you.
You closely miss the fire dragon. Your headbutt misses the fire dragon.
The fire dragon is lightly wounded.
The fire dragon breathes flames at you. The blast of flame hits you!
You die...

..... ........
.....##.......
.............#
..)..........##
..............#
.............#
...........###
............#
.......D@..##
.........###
......# ......#
.....## .....


You could see a fire dragon.

Vanquished Creatures
  Arachne (Spider:2)
  Asterion (Depths:1)
  Maud (Lair:5)
  6 emperor scorpions
  An orc warlord (Orc:2)
  2 ghost moths (Spider:4)
  Nessos (Lair:7)
  Azrael (D:15)
  Snorg (Lair:8)
  An ettin (Depths:1)
  The ghost of tasslehoff34 the Nimble, a journeyman DsCK of Xom (Lair:4)
  4 vault guards (D:13)
  The ghost of crawlian the Grappler, a journeyman TrMo of Pakellas (D:9)
  Josephine (Lair:5)
  A yaktaur captain (D:15)
  A great orb of eyes (Depths:1)
  2 entropy weavers
  6 hydras
  Fannar (D:10)
  An ice dragon (Depths:1)
  2 centaur warriors
  2 catoblepae
  The ghost of crawlian the Grappler, a novice TrMo of Ru (Lair:2)
  3 tengu warriors
  8 death yaks
  5 orc high priests
  5 hell knights
  Nergalle (Lair:1)
  The ghost of Duffy the Summoner, a novice DESu of Sif Muna (IceCv)
  2 unseen horrors
  A lindwurm (Lair:6)
  5 orc knights
  4 hill giants
  Pikel (D:8)
  6 orc sorcerers
  A wizard (D:13)
  2 necromancers
  5 ugly things
  3 griffons
  21 orb spiders
  31 wolf spiders
  6 hornets
  3 centaur zombies
  6 cyclopes
  A moth of wrath (Spider:4)
  The ghost of kal9871 the Insei, a novice OpTm of Ashenzari (D:6)
  A manticore (D:15)
  An ice statue (IceCv)
  4 elephants (Lair:4)
  6 black mambas
  A siren (Lair:4)
  2 gargoyles
  10 spiny frogs
  8 demonic crawlers
  8 komodo dragons
  A tengu conjurer (D:15)
  3 fire drakes
  A harpy zombie (D:14)
  10 freezing wraiths (IceCv)
  11 trolls
  8 polar bears (Lair:8)
  28 jumping spiders
  2 wolf spider simulacra (IceCv)
  11 slime creatures (D:13)
  14 blink frogs
  3 two-headed ogres
  2 boulder beetles
  2 raiju (Lair:8)
  2 shadows (D:15)
  27 tarantellas
  4 vampires
  63 redbacks
  A human (D:13)
  A wyvern (Lair:6)
  5 wraiths
  45 yaks
  3 fire elementals (D:15)
  A hungry ghost (D:11)
  10 vampire mosquitoes
  Grum (D:9)
  7 basilisks
  9 hippogriffs
  A steam dragon (D:13)
  11 wargs
  25 wolves
  A soldier ant (D:13)
  13 water moccasins
  4 hell hounds
  10 porcupines
  14 black bears
  47 orc warriors
  4 sky beasts
  22 ice beasts
  5 wasps
  6 phantoms
  18 centaurs
  15 ogres
  12 crocodiles
  4 big kobolds
  25 giant frogs
  A wyvern skeleton (D:8)
  5 scorpions
  A water moccasin skeleton (D:8)
  An elephant simulacrum (IceCv)
  A swamp dragon simulacrum (IceCv)
  6 killer bees (D:11)
  6 wights
  6 electric eels
  20 crimson imps
  3 giant frog zombies
  A quasit (D:9)
  3 draconian simulacra (IceCv)
  6 jellies
  34 orc priests
  6 centaur skeletons
  19 hounds
  2 giant frog skeletons
  10 iguanas
  25 orc wizards
  A spriggan simulacrum (IceCv)
  6 troll simulacra (IceCv)
  13 worker ants
  16 sheep
  6 centaur simulacra (IceCv)
  A worker ant zombie (D:10)
  3 naga simulacra (IceCv)
  21 adders
  An ogre simulacrum (IceCv)
  48 river rats
  3 shadow imps
  13 white imps
  5 oozes
  An adder zombie (D:6)
  2 adder skeletons
  2 worms (D:2)
  7 giant geckos
  132 orcs
  3 ball pythons
  5 hobgoblins
  20 jackals
  3 quokkas
  9 bats
  A giant gecko zombie (D:5)
  3 giant newts
  9 goblins
  21 kobolds
  A quokka zombie (D:6)
  6 rats
  A fungus (Lair:6)
  2 plants
1236 creatures vanquished.

Vanquished Creatures (others)
  A wolf spider (Spider:2)
  A redback (Spider:4)
  A hippogriff (D:15)
  A wasp (Spider:4)
  A hound (Lair:8)
  An orc wizard (Orc:2)
  An orc (Orc:2)
  A kobold (D:9)
  10 fungi
  14 plants
32 creatures vanquished.

Grand Total: 1268 creatures vanquished

Notes
Turn   | Place    | Note
--------------------------------------------------------------
     0 | D:1      | Ijustatesigmund the Demonspawn Fighter began the quest for the Orb.
     0 | D:1      | Reached XP level 1. HP: 18/18 MP: 1/1
   249 | D:1      | Gained mutation: You are slightly more attuned to the shadows. [demonic ancestry]
   249 | D:1      | Reached XP level 2. HP: 21/24 MP: 2/2
   952 | D:2      | Reached XP level 3. HP: 22/29 MP: 3/3
  1000 | D:2      | Found a shattered altar of Ashenzari.
  1634 | D:3      | Gained mutation: Your movements are slightly less encumbered by armour (ER -2). [demonic ancestry]
  1634 | D:3      | Reached XP level 4. HP: 33/37 MP: 4/4
  1708 | D:3      | Found an ancient bone altar of Kikubaaqudgha.
  1728 | D:3      | Noticed an ice beast
  1741 | D:3      | Killed an ice beast
  1741 | D:3      | Reached skill level 4 in Fighting
  1741 | D:3      | Reached XP level 5. HP: 28/43 MP: 5/5
  2463 | D:4      | Reached skill level 5 in Fighting
  2463 | D:4      | Gained mutation: You are partially covered in sharp spines. [demonic ancestry]
  2463 | D:4      | Reached XP level 6. HP: 46/51 MP: 6/6
  2706 | D:4      | Found a sparkling altar of Nemelex Xobeh.
  3133 | D:4      | Found a blossoming altar of Fedhas.
  3204 | D:5      | Entered Level 5 of the Dungeon
  3293 | D:5      | Gained mutation: Your movements are less encumbered by armour (ER -4). [demonic ancestry]
  3293 | D:5      | Reached XP level 7. HP: 57/57 MP: 7/7
  3349 | D:5      | Reached skill level 5 in Maces & Flails
  3442 | D:5      | Found a shimmering altar of Xom.
  3473 | D:5      | Reached skill level 1 in Dodging
  3493 | D:5      | Reached skill level 6 in Fighting
  3613 | D:5      | Found a staircase to the Ecumenical Temple.
  3935 | D:6      | Reached XP level 8. HP: 64/64 MP: 8/8
  4037 | D:6      | Noticed kal9871's ghost (novice OpTm)
  4062 | D:6      | Killed kal9871's ghost
  4101 | D:6      | Found a burning altar of Makhleb.
  4150 | D:6      | Found a shimmering altar of Xom.
  4445 | D:6      | Found an oddly glowing altar of Pakellas.
  4581 | D:7      | Reached skill level 7 in Fighting
  4679 | D:7      | Reached skill level 5 in Shields
  4743 | D:7      | Gained mutation: You have a pair of small horns on your head. [demonic ancestry]
  4743 | D:7      | Reached XP level 9. HP: 72/72 MP: 9/9
  4907 | D:7      | Found a huge runed gate.
  4907 | D:7      | Found a huge runed gate.
  4908 | D:7      | Found a huge runed gate.
  4909 | D:7      | Found a huge runed gate.
  4909 | D:7      | Noticed a polar bear
  4909 | D:7      | Noticed a death yak
  4909 | D:7      | Noticed a griffon
  4909 | D:7      | Noticed a polar bear
  4910 | D:7      | Noticed a griffon
  4910 | D:7      | Noticed a griffon
  5080 | D:7      | Found Deikavvi's Gadget Emporium.
  5089 | D:7      | Found a glowing silver altar of Zin.
  5264 | D:7      | Reached skill level 5 in Armour
  5603 | D:7      | Gained mutation: Your spells are a little easier to cast, but a little less powerful. [potion of mutation]
  5603 | D:7      | Gained mutation: Your mind is acute. (Int +2) [potion of mutation]
  5603 | D:7      | Gained mutation: You have a pair of horns on your head. [potion of mutation]
  6081 | D:8      | Reached skill level 1 in Stealth
  6693 | D:8      | Noticed Pikel
  6708 | D:8      | Killed Pikel
  6708 | D:8      | Reached skill level 8 in Fighting
  7188 | D:9      | Gained mutation: You are mostly covered in sharp spines. [demonic ancestry]
  7188 | D:9      | Reached XP level 10. HP: 38/82 MP: 10/10
  7754 | D:9      | Found a staircase to the Lair.
  7760 | D:9      | Noticed Grum
  7774 | D:10     | Entered Level 10 of the Dungeon
  7774 | D:10     | Noticed an unseen horror
  7779 | D:10     | Killed an unseen horror
  8065 | D:9      | Noticed crawlian's ghost (journeyman TrMo)
  8417 | D:10     | Reached skill level 9 in Fighting
  8438 | D:10     | Found a shadowy altar of Dithmenos.
  8468 | D:10     | Reached skill level 5 in Stealth
  8523 | D:10     | Noticed a hill giant
  8694 | D:9      | Killed Grum
  8867 | D:9      | Killed crawlian's ghost
  8867 | D:9      | Reached skill level 10 in Fighting
  8934 | D:9      | Gained mutation: You are completely covered in sharp spines. [demonic ancestry]
  8934 | D:9      | Reached XP level 11. HP: 91/91 MP: 11/11
  9272 | D:9      | Found a stormy altar of Qazlal.
  9679 | D:7      | Bought a wand of hasting (2/9) for 396 gold pieces
  9745 | Temple   | Entered the Ecumenical Temple
  9784 | Temple   | Became a worshipper of Warmaster Okawaru
 10030 | D:10     | Reached skill level 1 in Invocations
 10071 | D:10     | Killed a hill giant
 10373 | D:10     | Noticed Fannar
 10402 | D:10     | Killed Fannar
 10603 | D:11     | Reached * piety under Okawaru
 10669 | D:11     | Reached skill level 11 in Fighting
 10892 | D:11     | Found Amunuleufu's Assorted Antiques.
 10960 | D:11     | Reached skill level 5 in Invocations
 11186 | D:11     | Noticed a green ugly thing
 11201 | D:11     | Killed a green ugly thing
 11246 | D:11     | Reached ** piety under Okawaru
 11364 | D:11     | Bought a sparkling copper ring for 130 gold pieces
 11376 | D:11     | Identified the ring of Araopn {rN+ MR+} (You bought it in a shop on level 11 of the Dungeon)
 11451 | D:11     | Reached skill level 10 in Maces & Flails
 11477 | D:11     | Found a portal to a secret trove of treasure.
 11638 | D:12     | Noticed a tengu warrior
 11639 | D:12     | Noticed a tengu warrior
 11649 | D:12     | Killed a tengu warrior
 11659 | D:12     | Killed a tengu warrior
 11659 | D:12     | Reached *** piety under Okawaru
 11876 | D:12     | Reached XP level 12. HP: 80/100 MP: 17/17
 12177 | D:12     | Found a staircase to the Orcish Mines.
 12286 | D:12     | Reached **** piety under Okawaru
 12653 | D:13     | Reached skill level 12 in Fighting
 12658 | D:13     | Received a gift from Okawaru
 12923 | D:13     | Noticed a vault guard
 12923 | D:13     | Noticed a vault guard
 12932 | D:13     | Noticed a vault guard
 12964 | D:13     | Killed a vault guard
 13214 | D:13     | Killed a vault guard
 13214 | D:13     | Reached ***** piety under Okawaru
 13223 | D:13     | Found a gate to the Vaults.
 13223 | D:13     | Noticed a vault guard
 13239 | D:13     | Killed a vault guard
 13239 | D:13     | Reached skill level 10 in Invocations
 13590 | D:13     | Killed a vault guard
 13922 | Lair:1   | Entered Level 1 of the Lair of Beasts
 14122 | Lair:1   | Reached XP level 13. HP: 109/109 MP: 19/21
 14170 | Lair:1   | Reached skill level 13 in Fighting
 14207 | Lair:1   | Found an oddly glowing altar of Pakellas.
 14387 | Lair:1   | Noticed Nergalle
 14424 | Lair:1   | Killed Nergalle
 14893 | Lair:2   | Noticed crawlian's ghost (novice TrMo)
 14905 | Lair:2   | Killed crawlian's ghost
 14911 | Lair:2   | Received a gift from Okawaru
 15202 | Lair:2   | Received a gift from Okawaru
 15647 | Lair:3   | Found a hole to the Spider Nest.
 15804 | Lair:3   | Upgraded the game from 0.18-a0-1186-gd02dc51 to 0.18-a0-1195-g77a4f03
 16797 | Lair:4   | Received a gift from Okawaru
 16878 | Lair:4   | Reached skill level 5 in Dodging
 17115 | Lair:4   | Noticed tasslehoff34's ghost (journeyman DsCK)
 17175 | Lair:4   | Killed tasslehoff34's ghost
 17272 | Lair:4   | Reached skill level 14 in Fighting
 17409 | Lair:4   | Found a staircase to the Shoals.
 17763 | Lair:5   | Noticed Maud
 17789 | Lair:5   | Killed Maud
 18101 | Lair:5   | Noticed Josephine
 18115 | Lair:4   | Gained mutation: You have a pair of large horns on your head. [demonic ancestry]
 18115 | Lair:4   | Reached XP level 14. HP: 98/120 MP: 23/23
 18210 | Lair:5   | Killed Josephine
 18210 | Lair:5   | Reached skill level 1 in Throwing
 18472 | Lair:5   | Reached ****** piety under Okawaru
 18546 | Lair:5   | Received a gift from Okawaru
 20080 | Lair:7   | You fall through a shaft!
 20080 | Lair:8   | Entered Level 8 of the Lair of Beasts
 20598 | Lair:7   | Noticed Nessos
 20867 | Lair:7   | Found a glowing silver altar of Zin.
 20967 | Lair:7   | Received a gift from Okawaru
 21039 | Lair:7   | Got a heavily runed cloak
 21050 | Lair:7   | Identified the +0 cloak "Tiup" {rPois rC+ Dex-4} (You found it on level 7 of the Lair of Beasts)
 21240 | Lair:7   | Killed Nessos
 21819 | Lair:8   | Noticed Snorg
 21834 | Lair:8   | Killed Snorg
 22244 | Lair:8   | Found a staircase to the Slime Pits.
 22528 | Lair:8   | Received a gift from Okawaru
 22764 | Lair:8   | Identified a +9 rod of ignition (14/14) (You found it on level 8 of the Lair of Beasts)
 23037 | Spider:1 | Entered Level 1 of the Spider Nest
 23072 | Spider:1 | Found a frozen archway.
 23078 | Spider:1 | Gained mutation: You are significantly more attuned to the shadows. [demonic ancestry]
 23078 | Spider:1 | Reached XP level 15. HP: 43/127 MP: 17/24
 23243 | Spider:1 | HP: 1/127 [disintegration (44)]
 23939 | Orc:1    | Entered Level 1 of the Orcish Mines
 24172 | Orc:1    | Reached skill level 15 in Fighting
 24270 | Orc:2    | Entered Level 2 of the Orcish Mines
 24280 | Orc:2    | Received a gift from Okawaru
 24285 | Orc:2    | Got a pair of polished boots {god gift}
 24291 | Orc:2    | Identified the +0 pair of boots of the Vacuum {Str+7} (Okawaru gifted it to you on level 2 of the Orcish Mines)
 24812 | Orc:2    | Found Ker Ehow's Book Shop.
 24842 | Orc:2    | Found Tuotri's General Store.
 24866 | Orc:2    | Bought a scroll of teleportation for 30 gold pieces
 24866 | Orc:2    | Bought a potion of heal wounds for 50 gold pieces
 24872 | Orc:2    | Found a roughly hewn altar of Beogh.
 25123 | Orc:2    | Found Sonaj's Weapon Emporium.
 25178 | Orc:2    | Found Xeawk's Armour Boutique.
 25261 | Orc:2    | Noticed an orc warlord
 25275 | Orc:2    | Killed an orc warlord
 25288 | Orc:2    | Found a roughly hewn altar of Beogh.
 25963 | Orc:2    | Found a staircase to the Elven Halls.
 26542 | Orc:1    | Found a bloodstained altar of Trog.
 27452 | D:14     | Found a frozen archway.
 27474 | IceCv    | Entered an ice cave
 27661 | IceCv    | Noticed Duffy's ghost (novice DESu)
 27689 | IceCv    | Killed Duffy's ghost
 27832 | IceCv    | Received a gift from Okawaru
 28111 | IceCv    | Found an ancient bone altar of Kikubaaqudgha.
 28421 | D:14     | Noticed Rupert
 28611 | Lair:1   | Learned a level 2 spell: Ensorcelled Hibernation
 28751 | Spider:1 | Reached skill level 1 in Ice Magic
 28910 | Spider:1 | Reached XP level 16. HP: 96/138 MP: 25/25
 29429 | Spider:2 | Reached skill level 5 in Ice Magic
 29576 | Spider:2 | Noticed Arachne
 29615 | Spider:2 | Killed Arachne
 29615 | Spider:2 | Received a gift from Okawaru
 30861 | Spider:3 | Reached skill level 10 in Ice Magic
 31106 | Spider:3 | Reached skill level 1 in Hexes
 32361 | Spider:4 | Entered Level 4 of the Spider Nest
 32753 | Spider:4 | Got a brightly glowing chain mail
 32767 | Spider:4 | Identified the +2 chain mail "Gaohaof" {Int+5} (You found it on level 4 of the Spider Nest)
 32853 | Spider:4 | Reached skill level 5 in Hexes
 32892 | Spider:4 | Received a gift from Okawaru
 32953 | Spider:4 | Received a gift from Okawaru
 33830 | Spider:4 | Mutation became permanent: You have a pair of large horns on your head. [demonic ancestry]
 33830 | Spider:4 | Reached XP level 17. HP: 108/144 MP: 21/26
 33850 | Spider:4 | Reached skill level 16 in Fighting
 34116 | Spider:4 | Received a gift from Okawaru
 34348 | Spider:4 | Got a translucent chain mail {god gift}
 34535 | Spider:4 | Got a gossamer rune of Zot
 34546 | Spider:4 | Identified the +1 chain mail "Jufun" {Int+2} (Okawaru gifted it to you on level 4 of the Spider Nest)
 34960 | D:15     | Entered Level 15 of the Dungeon
 35008 | D:15     | Found a staircase to the Depths.
 35060 | D:15     | Noticed Azrael
 35074 | D:15     | Killed Azrael
 35370 | D:15     | Got a crude arbalest
 35390 | D:15     | Identified the +5 arbalest of Satyriasis {penet, *Confuse rC++ Str+4 Int+4} (You found it on level 15 of the Dungeon)
 35494 | D:15     | Got a pair of dazzling boots
 35505 | D:15     | Identified the +2 pair of boots of Loss {*Drain rPois rC+ Int+4} (You found it on level 15 of the Dungeon)
 35813 | Depths:1 | Entered Level 1 of the Depths
 35986 | Depths:1 | Noticed Asterion
 36003 | Depths:1 | Killed Asterion
 36039 | Depths:1 | Learned a level 4 spell: Ice Form
 36046 | Depths:1 | Found Xary's Quality Used Wands.
 36319 | Depths:1 | Killed from afar by a fire dragon

Vault maps used:
D:1:      mushboom_english_gardens
D:2:      ashenzari_conservatory_becter
D:3:      lemuel_doored_altar, first_bread
D:4:      nemelex_xobeh_ov_fountains_minmay, fedhas_altar_4
D:5:      basic_altar, serial_bayou_lake_a
D:6:      grunt_pakellas_basics, overflow_temple_1_default, basic_altar
D:7:      lemuel_bear_cage, nicolae_overflow_hidden_temple, serial_shops, shop
D:8:      uniq_pikel
D:9:      kennysheep_little_box, erik_lair_island, special_room, uniq_grum
D:10:     basic_altar, blue_anna_alchemist, uniq_fannar
D:11:     enter_trove_2, serial_shops, kennysheep_mini_moat
D:12:     orc_0_dummy, minmay_nine_imps
D:13:     grunt_vaults_entry_fortified
D:14:     portal_ice_cave_entry_ice_beasts, minmay_door_square, uniq_rupert
D:15:     grunt_enter_depths_snipers, kennysheep_crisscross, uniq_azrael
Temple:   circular_temple_13
Lair:1:   basic_altar, serial_bayou_pond_c, minmay_lair_oklob_bushes,
          infiniplex_staircase_pool_2, grunt_megastairs_1, lemuel_fruit_fields,
          uniq_nergalle
Lair:2:   beast_lair_carwin_2
Lair:3:   dummy_spider_entry, serial_bayou_shore_b
Lair:4:   minmay_shoals_entry_lonely_mermaid, grunt_megastairs_5,
          lemuel_fruit_tree
Lair:5:   beast_lair_carwin_9, infiniplex_staircase_pool, uniq_josephine,
          uniq_maud
Lair:6:   grunt_megastairs_2, serial_bayou_shore_b
Lair:7:   basic_altar, serial_bayou_pond_b, uniq_nessos
Lair:8:   hangedman_lair_caniforms_friends, nicolae_slime_entry_slimehenge,
          grunt_megastairs_3, uniq_snorg
Spider:1: portal_ice_cave_entry_pillars_01
Spider:2: uniq_arachne
Spider:3: nicolae_spider_shape
Spider:4: guppyfry_spider_rune
Orc:1:    trog_book
Orc:2:    pubby_orc_utopia
Depths:1: hell_entry, nrook_loot_triangle, serial_sigils_hangedman_scar,
          st_stairs_5, minmay_misc_feat_columns, nicolae_for_you_no_charge,
          uniq_asterion
IceCv:    ice_cave_small_necro

Action                   |  1- 3 |  4- 6 |  7- 9 | 10-12 | 13-15 | 16-18 || total
-------------------------+-------+-------+-------+-------+-------+-------++-------
Melee: Flail             |   146 |    93 |   312 |   698 |  2156 |   144 ||  3549
       Morningstar       |       |       |       |       |       |   650 ||   650
Throw: Tomahawk          |       |       |     3 |     5 |       |       ||     8
       Javelin           |       |       |       |    10 |     9 |    32 ||    51
 Cast: Ensorcelled Hiber |       |       |       |       |       |     4 ||     4
Invok: Heroism           |       |       |       |     1 |    24 |    13 ||    38
       Finesse           |       |       |       |       |    10 |     4 ||    14
 Abil: Stop Flying       |       |       |       |       |     1 |       ||     1
       Evoke Flight      |       |       |       |       |     1 |       ||     1
Evoke: Wand              |       |       |       |     2 |    12 |    12 ||    26
  Use: Scroll            |     5 |     6 |     7 |    10 |    22 |    11 ||    61
       Potion            |       |     3 |     4 |     2 |     5 |     8 ||    22
 Stab: Sleeping          |     1 |       |     4 |       |    14 |     5 ||    24
       Invisible         |       |       |       |       |    11 |       ||    11
       Distracted        |       |       |       |       |     4 |     2 ||     6
  Eat: Chunk             |     2 |     3 |     7 |     5 |    21 |     1 ||    39
       Fruit             |       |     3 |       |     9 |    27 |       ||    39
       Pizza             |       |       |     2 |     1 |     3 |     2 ||     8
       Beef jerky        |       |       |     2 |       |     2 |     1 ||     5
       Royal jelly       |       |       |       |     3 |       |    12 ||    15
       Bread ration      |       |       |       |     1 |       |       ||     1
